 Dungeon Crawl Stone Soup version 0.27-a0-1065-ge809cff456 (webtiles) character file.

Game seed: 9925713935905694709

9 voltaire321 the Skirmisher (level 2, 0/32 HPs)
             Began as an Ogre Fighter on Apr 24, 2021.
             Slain by a jackal (2 damage)
             ... on level 1 of the Dungeon.
             The game lasted 00:00:39 (402 turns).

voltaire321 the Skirmisher (Ogre Fighter)            Turns: 402, Time: 00:00:39

Health: 0/32       AC:  3    Str: 19    XL:     2   Next: 16%
Magic:  2/2        EV:  8    Int:  9    God:
Gold:   0          SH:  8    Dex:  8    Spells: 1/1 levels left

rFire    . . .     SeeInvis .   a - +0 war axe
rCold    . . .     Faith    .   c - +0 kite shield
rNeg     . . .     Spirit   .   b - +0 robe
rPois    .         Reflect  .   (helmet restricted)
rElec    .         Harm     .   (no cloak)
rCorr    .         Rampage  .   (gloves unavailable)
Will     .....                  (boots unavailable)
Stlth    +.........             (no amulet)
HPRegen  0.10/turn              (no ring)
MPRegen  0.08/turn              (no ring)

@: no status effects
A: large, unfitting armour, tough skin 1
a: no special abilities


You were on level 1 of the Dungeon.
You visited 1 branch of the dungeon, and saw 1 of its levels.

Inventory:

Hand Weapons
 a - a +0 war axe (weapon)
Armour
 b - a +0 robe (worn)
 c - a +0 kite shield (worn)
Potions
 d - a potion of might
 e - a potion of resistance {unknown}


   Skills:
 + Level 4.2 Fighting
 + Level 2.2 Axes
 + Level 2.8 Dodging
 + Level 2.8 Shields


You had one spell level left.
You didn't know any spells.
Your spell library was empty.

Dungeon Overview and Level Annotations

Branches:
Dungeon (1/15)

Altars:


Innate Abilities, Weirdness & Mutations

You are too large for most types of armour.
You have tough skin. (AC +1)


Message History

You completely miss the jackal. The jackal bites you.
You block the jackal's attack. The jackal barely misses you. x2
The jackal bites you but does no damage.
The jackal barely misses you. x3; You block the jackal's attack.
You slash the jackal!
You kill the jackal!
You miss the jackal. You hit the jackal.
You kill the jackal!
Your shield prevents you from hitting the endoplasm.
You barely miss the jackal. You barely miss the kobold.
You block the jackal's attack. The jackal bites you. The endoplasm freezes you.
You are frozen.
The kobold hits you with a +0 short sword.
* * * LOW HITPOINT WARNING * * *
The jackal bites you but does no damage.
The jackal bites you.
* * * LOW HITPOINT WARNING * * *
The endoplasm freezes you.
You are frozen.
* * * LOW HITPOINT WARNING * * *
The kobold hits you with a +0 short sword.
* * * LOW HITPOINT WARNING * * *
You have reached level 2!
The jackal barely misses you.
The jackal bites you but does no damage.
The jackal closely misses you. The kobold hits you but does no damage.
You block the jackal's attack.
You see here a jackal corpse.
You barely miss the endoplasm. You barely miss the jackal. You hit the kobold.
You kill the kobold!
You barely miss the jackal. You block the jackal's attack. x2
The endoplasm completely misses you. The jackal barely misses you.
The jackal completely misses you.
You slash the endoplasm!
You kill the endoplasm!
You hit the jackal. You hit the jackal but do no damage.
The jackal bites you but does no damage.
The jackal bites you.
You die...

...#. .#.......#.....
####.. #.......#.....
.....#.#.......#.....
####..>...............
...#..............####
##.#..............#
.#.#......).......#
<#.#...........h).######
##.#............@.......
...#...........†h.......
####...........#........
..#######?.#........ ..
#..#........
...#........
.............
..............


You could see 2 jackals.

Vanquished Creatures
  An endoplasm (D:1)
  2 goblins (D:1)
  2 hobgoblins (D:1)
  2 jackals (D:1)
  A kobold (D:1)
  A rat (D:1)
9 creatures vanquished.

Notes
Turn   | Place    | Note
-------+----------+-------------------------------------------
     0 | D:1      | voltaire321 the Ogre Fighter began the quest for the Orb.
     0 | D:1      | Reached XP level 1. HP: 24/24 MP: 1/1
   399 | D:1      | HP: 1/24 [kobold/+0 short sword (1)]
   400 | D:1      | Reached XP level 2. HP: 1/32 MP: 2/2
   402 | D:1      | Slain by a jackal

Illustrated notes

Levels and vault maps discovered:
D:1:      matt_arrival_spirals, layout_basic

Action                   || total
-------------------------++-------
Melee: War axe           ||    27
Armor: Robe              ||    14
Dodge: Dodged            ||    23
Block: Kite shield       ||    19

Table legend: (Time is in decaauts)
 A = Elapsed time spent in this place.
 B = Non-inter-level travel time spent in this place.
 C = Inter-level travel time spent in this place.
 D = Time resting spent in this place.
 E = Time spent auto-exploring this place.
 F = Levels seen in this place.
 G = Mean time per level.
                   A        B        C        D        E       F      G
               +--------+--------+--------+--------+--------+-----+--------+
         Total |    417 |    417 |      0 |    140 |    211 |   1 |  417.0 |
       Dungeon |    417 |    417 |      0 |    140 |    211 |   1 |  417.0 |
               +--------+--------+--------+--------+--------+-----+--------+

Top non-repeatable levels by time:
     D:1: 417 daAuts
